SAL
CHARLESTON RIVERDOGS @ GREENVILLE DRIVE
06/29/2110
 
TOP OF THE 1ST
Charleston RiverDogs batting - Pitching for Greenville Drive : LHP Bryan Demeule
Pitching: LHP Bryan Demeule
Batting: RHB Alex Caceres 0-0: Hit by Pitch
Batting: RHB Victor Garza 0-0: Foul Ball, location: 9LMF
0-1: Ball
1-1: Ball
2-1: Reached on error, E5 (Groundball, 56S, EV 68.1 MPH)
Alex Caceres to second
Batting: RHB Joe Cunningham 0-0: Called Strike
0-1: Hit by Pitch
Alex Caceres to third
Victor Garza to second
Batting: RHB Josh Rhoads 0-0: Ball
1-0: Ball
2-0: Foul Ball, location: 2F
2-1: Foul Ball, location: 7LSFF
2-2: Foul Ball, location: 2F
2-2: Fly out, F8 (Line Drive, 8RM, EV 90.6 MPH)
Batting: SHB Matt Vuckovich 0-0: Ball
1-0: Ball
2-0: Foul Ball, location: 9LMF
2-1: Foul Ball, location: 2F
2-2: Fly out, F7 (Flyball, 78S, EV 98.1 MPH)
Batting: RHB John Rice 0-0: Ball
1-0: Ground out U3 (Groundball, 23, EV 91.3 MPH)
Top of the 1st over - 0 runs, 0 hits, 1 error, 3 left on base; Charleston 0 - Greenville 0
BOTTOM OF THE 1ST
Greenville Drive batting - Pitching for Charleston RiverDogs : RHP Jonathan Wade
Pitching: RHP Jonathan Wade
Batting: RHB Roger Kittinger 0-0: Called Strike
0-1: Ball
1-1: Swinging Strike
1-2: Ball
2-2: Ball
3-2: Base on Balls
Batting: RHB John Ure 0-0: Ball
1-0: Bunted foul
1-1: Foul Ball, location: 5FF
1-2: Ball
2-2: Strikes out swinging
Batting: SHB Garrett Tetro 0-0: Called Strike
0-1: Ball
Roger Kittinger steals 2nd base
1-1: Called Strike
1-2: Foul Ball, location: 7LDF
1-2: SINGLE (Line Drive, 78S, EV 93.8 MPH)
Roger Kittinger to third
Batting: RHB David Beason 0-0: Fly out, F5 (Line Drive, 5, EV 68.8 MPH)
Batting: RHB Chad Tillis 0-0: Ball
1-0: Ball
2-0: Foul Ball, location: 25F
2-1: Foul Ball, location: 25F
2-2: Foul Ball, location: 9LMF
2-2: Ball
3-2: Foul Ball, location: 2F
3-2: Foul Ball, location: 5FF
3-2: Fly out, F7 (Flyball, 7D, EV 94.4 MPH)
Bottom of the 1st over - 0 runs, 1 hit, 0 errors, 2 left on base; Charleston 0 - Greenville 0
TOP OF THE 2ND
Charleston RiverDogs batting - Pitching for Greenville Drive : LHP Bryan Demeule
Batting: RHB Jimmy Kiger 0-0: Foul Ball, location: 23F
0-1: Ball
1-1: Foul Ball, location: 2F
1-2: Fly out, F8 (Flyball, 8RM, EV 96.9 MPH)
Batting: SHB Tom Darden 0-0: Ball
1-0: Fly out, F2 (Popup, 25F, EV 88.8 MPH)
Batting: LHB Steve Holmes 0-0: Foul Ball, location: 2RF
0-1: Called Strike
0-2: Ball
1-2: Foul Ball, location: 7LDF
1-2: Fly out, F6 (Line Drive, 6M, EV 77.5 MPH)
Top of the 2nd over - 0 runs, 0 hits, 0 errors, 0 left on base; Charleston 0 - Greenville 0
BOTTOM OF THE 2ND
Greenville Drive batting - Pitching for Charleston RiverDogs : RHP Jonathan Wade
Pitching: LHP Izzy Morales
Batting: LHB Nick Pearson 0-0: Called Strike
0-1: Called Strike
0-2: Ground out U3 (Groundball, 3, EV 83.8 MPH)
Batting: RHB Tony Hernandez 0-0: Ball
1-0: Ball
2-0: DOUBLE (Line Drive, 9LS, EV 104.4 MPH)
Batting: RHB Armando Contreras 0-0: Ball
1-0: Ground out 6-3 (Groundball, 6, EV 62.5 MPH)
Batting: SHB Matt Stockman 0-0: Ball
1-0: Ball
2-0: Called Strike
2-1: Foul Ball, location: 9LMF
2-2: Ball
3-2: Strikes out looking
Bottom of the 2nd over - 0 runs, 1 hit, 0 errors, 1 left on base; Charleston 0 - Greenville 0
TOP OF THE 3RD
Charleston RiverDogs batting - Pitching for Greenville Drive : LHP Bryan Demeule
Batting: RHB Alex Caceres 0-0: Ball
1-0: Ball
2-0: Fly out, F2 (Popup, 15S, EV 88.8 MPH)
Batting: RHB Victor Garza 0-0: Hit by Pitch
Batting: RHB Joe Cunningham 0-0: Fly out, F8 (Flyball, 8RM, EV 98.8 MPH)
Batting: RHB Josh Rhoads 0-0: Ball
1-0: Fielders Choice at 2nd, 6-4 (Groundball, 6, EV 106.9 MPH)
Top of the 3rd over - 0 runs, 0 hits, 0 errors, 1 left on base; Charleston 0 - Greenville 0
BOTTOM OF THE 3RD
Greenville Drive batting - Pitching for Charleston RiverDogs : LHP Izzy Morales
Batting: RHB Roger Kittinger 0-0: Ball
1-0: Foul Ball, location: 2F
1-1: Swinging Strike
1-2: SINGLE (Groundball, 4M, EV 105.0 MPH)
Batting: RHB John Ure 0-0: Ball
1-0: Ball
2-0: Called Strike
2-1: Sac Bunt to P - play at first, batter OUT! 1-3
Roger Kittinger to second
Batting: SHB Garrett Tetro 0-0: Ball
1-0: Ball
2-0: Swinging Strike
2-1: Ball
3-1: Base on Balls
Batting: RHB David Beason 0-0: Fly out, F9 (Flyball, 89S, EV 91.3 MPH)
Batting: RHB Chad Tillis 0-0: Ball
1-0: Ball
2-0: Ball
Wild Pitch!
Roger Kittinger to third
Garrett Tetro to second
3-0: Called Strike
3-1: Base on Balls
Batting: LHB Nick Pearson 0-0: Foul Ball, location: 2F
0-1: Foul Ball, location: 3F
0-2: Strikes out swinging
Bottom of the 3rd over - 0 runs, 1 hit, 0 errors, 3 left on base; Charleston 0 - Greenville 0
TOP OF THE 4TH
Charleston RiverDogs batting - Pitching for Greenville Drive : LHP Bryan Demeule
Batting: SHB Matt Vuckovich 0-0: Called Strike
0-1: Ball
1-1: Fly out, F7 (Flyball, 78M, EV 88.8 MPH)
Batting: RHB John Rice 0-0: Foul Ball, location: 3SF
0-1: Swinging Strike
0-2: Fly out, F7 (Flyball, 78M, EV 95.6 MPH)
Batting: RHB Jimmy Kiger 0-0: SINGLE (Line Drive, 8LS, EV 101.9 MPH)
Batting: SHB Tom Darden 0-0: Ball
1-0: Fly out, F9 (Flyball, 9D, EV 107.5 MPH)
Top of the 4th over - 0 runs, 1 hit, 0 errors, 1 left on base; Charleston 0 - Greenville 0
BOTTOM OF THE 4TH
Greenville Drive batting - Pitching for Charleston RiverDogs : LHP Izzy Morales
Batting: RHB Tony Hernandez 0-0: Ball
1-0: Ball
2-0: SINGLE (Groundball, 56D, EV 95.6 MPH)
Batting: RHB Armando Contreras 0-0: Ball
1-0: Ball
2-0: Foul Ball, location: 2F
2-1: Called Strike
2-2: Strikes out swinging
Batting: SHB Matt Stockman 0-0: Swinging Strike
0-1: Bunt missed!
0-2: Grounds into double play, 6-4-3 (Groundball, 6, EV 101.9 MPH)
Bottom of the 4th over - 0 runs, 1 hit, 0 errors, 0 left on base; Charleston 0 - Greenville 0
TOP OF THE 5TH
Charleston RiverDogs batting - Pitching for Greenville Drive : LHP Bryan Demeule
Batting: LHB Steve Holmes 0-0: Ball
1-0: Ball
2-0: Ball
3-0: Called Strike
3-1: Foul Ball, location: 2F
3-2: Ground out 6-3 (Groundball, 6, EV 108.8 MPH)
Batting: RHB Alex Caceres 0-0: Called Strike
0-1: Ball
1-1: Ball
2-1: Ball
3-1: Base on Balls
Batting: RHB Victor Garza 0-0: Called Strike
0-1: Called Strike
0-2: Foul Ball, location: 2F
0-2: Strikes out swinging
Batting: RHB Joe Cunningham 0-0: Called Strike
0-1: Ground out U3 (Groundball, 3S, EV 65.0 MPH)
Top of the 5th over - 0 runs, 0 hits, 0 errors, 1 left on base; Charleston 0 - Greenville 0
BOTTOM OF THE 5TH
Greenville Drive batting - Pitching for Charleston RiverDogs : LHP Izzy Morales
Batting: RHB Roger Kittinger 0-0: Called Strike
0-1: Ball
1-1: Foul Ball, location: 3DF
1-2: Ball
2-2: Ball
3-2: Hit by Pitch
Batting: RHB John Ure 0-0: Ball
1-0: Foul Ball, location: 5DF
1-1: Swinging Strike
1-2: Fly out, F8 (Flyball, 8RM, EV 75.6 MPH)
Batting: SHB Garrett Tetro 0-0: DOUBLE (Flyball, 8RXD, EV 97.5 MPH)
Roger Kittinger to third
Batting: RHB David Beason 0-0: Ball
1-0: Ball
2-0: Ball
3-0: Base on Balls
Batting: RHB Chad Tillis 0-0: Ball
1-0: Ball
2-0: Fly out, F7 (Flyball, 7, EV 90.6 MPH)
Batting: LHB Nick Pearson 0-0: Swinging Strike
0-1: Foul Ball, location: 7LSF
0-2: Ball
1-2: Ball
2-2: Strikes out swinging
Bottom of the 5th over - 0 runs, 1 hit, 0 errors, 3 left on base; Charleston 0 - Greenville 0
TOP OF THE 6TH
Charleston RiverDogs batting - Pitching for Greenville Drive : LHP Bryan Demeule
Batting: RHB Josh Rhoads 0-0: Called Strike
0-1: Swinging Strike
0-2: Foul Ball, location: 3F
0-2: SINGLE (Groundball, 6MD, EV 103.1 MPH)
Batting: SHB Matt Vuckovich 0-0: Foul Ball, location: 2F
0-1: Foul Ball, location: 7LDF
0-2: Fielders Choice at 2nd, 2-6 (Groundball, 13S, EV 66.9 MPH)
Batting: RHB John Rice 0-0: Ball
1-0: Ball
2-0: SINGLE (Line Drive, 7S, EV 101.3 MPH)
Matt Vuckovich to second
Batting: RHB Jimmy Kiger 0-0: Ball
1-0: Called Strike
1-1: Swinging Strike
1-2: Ball
2-2: Ball
3-2: Base on Balls
Matt Vuckovich to third
John Rice to second
Batting: SHB Tom Darden 0-0: Fly out, F8 (Flyball, 8LM, EV 92.5 MPH)
Batting: LHB Steve Holmes 0-0: Called Strike
0-1: Called Strike
0-2: Ball
1-2: Foul Ball, location: 2F
1-2: Foul Ball, location: 2LF
1-2: Ball
2-2: Ball
3-2: Strikes out swinging
Top of the 6th over - 0 runs, 2 hits, 0 errors, 3 left on base; Charleston 0 - Greenville 0
BOTTOM OF THE 6TH
Greenville Drive batting - Pitching for Charleston RiverDogs : LHP Izzy Morales
Batting: RHB Tony Hernandez 0-0: Ball
1-0: Swinging Strike
1-1: Foul Ball, location: 2F
1-2: Strikes out looking
Batting: RHB Armando Contreras 0-0: Ball
1-0: Foul Ball, location: 2F
1-1: Foul Ball, location: 9LSF
1-2: Strikes out swinging
Batting: SHB Matt Stockman 0-0: Ball
1-0: Called Strike
1-1: Ball
2-1: Swinging Strike
2-2: Ground out 5-3 (Groundball, 56, EV 82.5 MPH)
Bottom of the 6th over - 0 runs, 0 hits, 0 errors, 0 left on base; Charleston 0 - Greenville 0
TOP OF THE 7TH
Charleston RiverDogs batting - Pitching for Greenville Drive : LHP Bryan Demeule
Batting: RHB Alex Caceres 0-0: Foul Ball, location: 2F
0-1: Ball
1-1: Ball
2-1: Called Strike
2-2: Ball
3-2: Ground out 6-3 (Groundball, 6, EV 98.8 MPH)
Batting: RHB Victor Garza 0-0: Ball
1-0: Ball
2-0: Called Strike
2-1: Ball
3-1: Base on Balls
Pitching: RHP Brandon Coombs
Batting: RHB Joe Cunningham 0-0: Foul Ball, location: 5F
0-1: Ball
1-1: Bunted foul
1-2: Ball
2-2: Strikes out swinging
Batting: LHB Danny Correa 0-0: Called Strike
Victor Garza steals 2nd base
0-1: Ball
1-1: Foul Ball, location: 7LSF
1-2: Strikes out swinging
Top of the 7th over - 0 runs, 0 hits, 0 errors, 1 left on base; Charleston 0 - Greenville 0
BOTTOM OF THE 7TH
Greenville Drive batting - Pitching for Charleston RiverDogs : LHP Izzy Morales
Batting: RHB Roger Kittinger 0-0: Called Strike
0-1: Foul Ball, location: 9LMF
0-2: Ball
1-2: Ground out 4-3 (Groundball, 4, EV 95.6 MPH)
Pitching: LHP Phil Martel
Batting: RHB John Ure 0-0: Swinging Strike
0-1: Foul Ball, location: 23F
0-2: Foul Ball, location: 5F
0-2: Fly out, F5 (Popup, 6S, EV 76.9 MPH)
Batting: SHB Garrett Tetro 0-0: Ball
1-0: Ball
2-0: Foul Ball, location: 5FF
2-1: Fly out, F9 (Flyball, 9, EV 94.4 MPH)
Bottom of the 7th over - 0 runs, 0 hits, 0 errors, 0 left on base; Charleston 0 - Greenville 0
TOP OF THE 8TH
Charleston RiverDogs batting - Pitching for Greenville Drive : RHP Brandon Coombs
Pitching: RHP Jake Schafer
Batting: SHB Matt Vuckovich 0-0: Ball
1-0: Ground out U3 (Groundball, 3S, EV 85.0 MPH)
Pinch Hitting: LHB Jesus Menendez 0-0: Foul Ball, location: 7LSF
0-1: Ground out U3 (Groundball, 3, EV 108.1 MPH)
Pinch Hitting: RHB Robby Saenz 0-0: Called Strike
0-1: Called Strike
0-2: Ball
1-2: Fly out, F8 (Flyball, 8LD, EV 100.0 MPH)
Top of the 8th over - 0 runs, 0 hits, 0 errors, 0 left on base; Charleston 0 - Greenville 0
BOTTOM OF THE 8TH
Greenville Drive batting - Pitching for Charleston RiverDogs : LHP Phil Martel
Pitching: LHP Josh Phillips
Now at C: Ricky Villarreal
Now at SS: Melis Becking
Batting: RHB David Beason 0-0: Fly out, F3 (Popup, 3F, EV 61.9 MPH)
Batting: RHB Chad Tillis 0-0: Called Strike
0-1: Ball
1-1: Ball
2-1: DOUBLE (Line Drive, 9LM, EV 110.6 MPH)
Batting: LHB Nick Pearson 0-0: Ball
1-0: Ball
2-0: Called Strike
2-1: Called Strike
2-2: Fly out, F4 (Line Drive, 4, EV 76.3 MPH)
Batting: RHB Tony Hernandez 0-0: SINGLE (Groundball, 6MD, EV 96.3 MPH)
Chad Tillis to third
Batting: RHB Armando Contreras 0-0: Ball
1-0: Foul Ball, location: 2F
1-1: Called Strike
1-2: Foul Ball, location: 2F
1-2: Strikes out swinging
Bottom of the 8th over - 0 runs, 2 hits, 0 errors, 2 left on base; Charleston 0 - Greenville 0
TOP OF THE 9TH
Charleston RiverDogs batting - Pitching for Greenville Drive : RHP Jake Schafer
Batting: SHB Tom Darden 0-0: Called Strike
0-1: Ball
1-1: Swinging Strike
1-2: Strikes out swinging
Batting: LHB Steve Holmes 0-0: Ball
1-0: Fly out, F4 (Popup, 4, EV 74.4 MPH)
Batting: RHB Alex Caceres 0-0: Ball
1-0: Called Strike
1-1: Ball
2-1: Called Strike
2-2: Strikes out swinging
Top of the 9th over - 0 runs, 0 hits, 0 errors, 0 left on base; Charleston 0 - Greenville 0
BOTTOM OF THE 9TH
Greenville Drive batting - Pitching for Charleston RiverDogs : LHP Josh Phillips
Pinch Hitting: RHB Marty Vogt 0-0: Fly out, F8 (Flyball, 8RD, EV 110.0 MPH)
Batting: RHB Roger Kittinger 0-0: Foul Ball, location: 2F
0-1: Ball
1-1: SINGLE (Flyball, 56D, EV 90.0 MPH)
Batting: RHB John Ure 0-0: Ball
1-0: Bunted foul
1-1: Bunted foul
1-2: Foul Ball, location: 2F
1-2: Foul Ball, location: 5FF
1-2: Ball
2-2: Foul Ball, location: 2F
2-2: Strikes out swinging
Batting: SHB Garrett Tetro 0-0: Ball
1-0: Called Strike
1-1: Foul Ball, location: 9LDF
1-2: Ball
2-2: Strikes out swinging
Bottom of the 9th over - 0 runs, 1 hit, 0 errors, 1 left on base; Charleston 0 - Greenville 0
TOP OF THE 10TH
Charleston RiverDogs batting - Pitching for Greenville Drive : RHP Jake Schafer
Alex Caceres starts the inning at 2nd base.
Now at 1B: Ryan Posada
Batting: RHB Victor Garza 0-0: Called Strike
0-1: Ground out 5-3 (Groundball, 56S, EV 89.4 MPH)
Batting: RHB Joe Cunningham 0-0: Fly out, F8 (Flyball, 78D, EV 103.8 MPH)
Batting: LHB Danny Correa 0-0: Intentional Walk
Batting: SHB Matt Vuckovich 0-0: Fly out, F8 (Line Drive, 8LM, EV 103.1 MPH)
Top of the 10th over - 0 runs, 0 hits, 0 errors, 2 left on base; Charleston 0 - Greenville 0
BOTTOM OF THE 10TH
Greenville Drive batting - Pitching for Charleston RiverDogs : LHP Josh Phillips
Garrett Tetro starts the inning at 2nd base.
Batting: RHB David Beason 0-0: Ball
1-0: Foul Ball, location: 5F
1-1: Foul Ball, location: 9LDF
1-2: Ball
2-2: Foul Ball, location: 3F
2-2: Foul Ball, location: 3SF
2-2: Ball
3-2: Strikes out looking
Batting: RHB Chad Tillis 0-0: Intentional Walk
Pitching: LHP Melvin Balderas
Pinch Runner at 2nd Rich Peterson:
Pinch Hitting: RHB Wade Carbone 0-0: Fly out, F3 (Line Drive, 34, EV 96.9 MPH)
Batting: RHB Tony Hernandez 0-0: Ball
1-0: Ground out 1-3 (Groundball, 13S, EV 63.8 MPH)
Bottom of the 10th over - 0 runs, 0 hits, 0 errors, 2 left on base; Charleston 0 - Greenville 0
TOP OF THE 11TH
Charleston RiverDogs batting - Pitching for Greenville Drive : RHP Jake Schafer
Matt Vuckovich starts the inning at 2nd base.
Now at 3B: Rich Peterson
Now in RF: Josh Hales
Batting: RHB Ricky Villarreal 0-0: Ball
1-0: Swinging Strike
1-1: Ground out 3-1 (Groundball, 34, EV 98.8 MPH)
Matt Vuckovich to third
Batting: RHB Melis Becking 0-0: Ball
1-0: Squeeze Bunt to 5S - play home, runner OUT, batter safe! 5-2
Batting: SHB Tom Darden 0-0: Ball
1-0: Called Strike
1-1: Ball
2-1: Ball
3-1: Called Strike
3-2: Ground out 2-3 (Groundball, 15S, EV 68.8 MPH)
Top of the 11th over - 0 runs, 0 hits, 0 errors, 1 left on base; Charleston 0 - Greenville 0
BOTTOM OF THE 11TH
Greenville Drive batting - Pitching for Charleston RiverDogs : LHP Melvin Balderas
Tony Hernandez starts the inning at 2nd base.
Batting: RHB Armando Contreras 0-0: Bunt - Flyout to 15! F1
Batting: RHB Ryan Posada 0-0: Ball
1-0: Foul Ball, location: 23FF
1-1: SINGLE (Line Drive, 89M, EV 110.6 MPH)
Tony Hernandez to third
Batting: RHB Roger Kittinger 0-0: Called Strike
0-1: Ball
1-1: Ball
2-1: Ball
3-1: Base on Balls
Ryan Posada to second
Batting: RHB John Ure 0-0: Ball
1-0: Foul Ball, location: 5SF
1-1: Grounds into double play, 5-2-3 (Groundball, 56, EV 107.5 MPH)
Bottom of the 11th over - 0 runs, 1 hit, 0 errors, 2 left on base; Charleston 0 - Greenville 0
TOP OF THE 12TH
Charleston RiverDogs batting - Pitching for Greenville Drive : RHP Jake Schafer
Tom Darden starts the inning at 2nd base.
Pitching: RHP Eli Villarreal
Pinch Hitting: SHB Alejandro Castro 0-0: Foul Ball, location: 2F
0-1: Ball
1-1: Called Strike
1-2: Foul Ball, location: 5FF
1-2: Ball
2-2: Foul Ball, location: 7LDF
2-2: Strikes out swinging
Batting: RHB Alex Caceres 0-0: Intentional Walk
Batting: RHB Victor Garza 0-0: Ball
1-0: Called Strike
1-1: Foul Ball, location: 7LDF
1-2: Strikes out looking
Batting: RHB Joe Cunningham 0-0: Ball
1-0: Fly out, F8 (Flyball, 8LD, EV 74.4 MPH)
Top of the 12th over - 0 runs, 0 hits, 0 errors, 2 left on base; Charleston 0 - Greenville 0
BOTTOM OF THE 12TH
Greenville Drive batting - Pitching for Charleston RiverDogs : LHP Melvin Balderas
John Ure starts the inning at 2nd base.
Now in LF: Alejandro Castro
Batting: RHB Rich Peterson 0-0: Fly out, F9 (Flyball, 89S, EV 91.3 MPH)
Batting: RHB David Beason 0-0: Foul Ball, location: 2F
0-1: Ball
1-1: Foul Ball, location: 9LMF
1-2: Strikes out swinging
Batting: RHB Chad Tillis 0-0: Intentional Walk
Batting: LHB Josh Hales 0-0: Fly out, F8 (Flyball, 8LM, EV 97.5 MPH)
Bottom of the 12th over - 0 runs, 0 hits, 0 errors, 2 left on base; Charleston 0 - Greenville 0
TOP OF THE 13TH
Charleston RiverDogs batting - Pitching for Greenville Drive : RHP Eli Villarreal
Joe Cunningham starts the inning at 2nd base.
Batting: LHB Danny Correa 0-0: Intentional Walk
Batting: SHB Matt Vuckovich 0-0: Ball
1-0: Foul Ball, location: 3FF
1-1: Swinging Strike
1-2: Ball
Wild Pitch!
Joe Cunningham to third
Danny Correa to second
2-2: Ball
3-2: Intentional Walk
Batting: RHB Ricky Villarreal 0-0: Ball
1-0: Foul Ball, location: 5DF
1-1: Ball
2-1: Swinging Strike
2-2: Ball
3-2: Base on Balls
Joe Cunningham scores
Danny Correa to third
Matt Vuckovich to second
Batting: RHB Melis Becking 0-0: Ball
1-0: Called Strike
1-1: Grounds into double play, 4-2-3 (Groundball, 4, EV 84.4 MPH)
Matt Vuckovich to third
Ricky Villarreal to second
Batting: SHB Tom Darden 0-0: Ground out 1-3 (Groundball, 15, EV 62.5 MPH)
Top of the 13th over - 1 run, 0 hits, 0 errors, 2 left on base; Charleston 1 - Greenville 0
BOTTOM OF THE 13TH
Greenville Drive batting - Pitching for Charleston RiverDogs : LHP Melvin Balderas
Josh Hales starts the inning at 2nd base.
Batting: RHB Tony Hernandez Balk!
Josh Hales to third
0-0: Ball
1-0: Called Strike
1-1: Foul Ball, location: 23F
1-2: Foul Ball, location: 5FF
1-2: Strikes out swinging
Batting: RHB Armando Contreras 0-0: Called Strike
0-1: Ball
1-1: Swinging Strike
1-2: Strikes out swinging, 2-3 out at first.
Batting: RHB Ryan Posada 0-0: Ball
1-0: Called Strike
1-1: Ball
2-1: 2-RUN HOME RUN (Flyball, 7D, EV 95.6 MPH), Distance : 379 ft
Bottom of the 13th over - 2 runs, 1 hit, 0 errors, 0 left on base; Charleston 1 - Greenville 2
Monday, June 2nd , 2025 - OOTP Baseball 26.4 Build 61